 Dungeon Crawl Stone Soup version 0.24-a0-769-g368c164 (webtiles) character file.

Game seed: 17576252584668189681, levelgen mode: deterministic

284 slphil the Poker (level 6, -7/49 HPs)
             Began as a Formicid Abyssal Knight on Oct 4, 2019.
             Was a Believer of Lugonu.
             Killed by divine providence
             ... invoked by an orc priest
              (9 damage)
             ... on level 4 of the Dungeon.
             The game lasted 00:06:36 (4645 turns).

slphil the Poker (Formicid Abyssal Knight)          Turns: 4645, Time: 00:06:36

Health: -7/49      AC:  4    Str: 17 (19) XL:     6   Next: 54%
Magic:  9/9        EV: 11    Int:  9 (11) God:    Lugonu [**....]
Gold:   183        SH:  0    Dex:  8 (10) Spells: 5/5 levels left

rFire    . . .     SeeInvis +   a - +1 spear
rCold    + . .     Gourm    .   (no shield)
rNeg     . . .     Faith    .   b - +0 leather armour
rPois    .         Spirit   .   (helmet unavailable)
rElec    .         Reflect  .   (no cloak)
rCorr    .         Harm     .   k - +0 pair of gloves
MR       .....                  (no boots)
Stlth    +.........             g - amulet of the acrobat
HPRegen  0.16/turn              j - ring of protection from cold
MPRegen  0.11/turn              (no ring)

@: no status effects
A: permanent stasis, dig shafts and tunnels, four strong arms, antennae 3
a: Dig, Shaft Self, Depart the Abyss, Bend Space, Renounce Religion


You were on level 4 of the Dungeon.
You worshipped Lugonu.
Lugonu was pleased with you.
You were not hungry.

You visited 1 branch of the dungeon, and saw 4 of its levels.
You visited the Abyss 1 time.

You collected 183 gold pieces.

Inventory:

Hand Weapons
 a - a +1 spear (weapon)
 q - a +3 whip
Armour
 b - a +0 leather armour (worn)
 k - a +0 pair of gloves (worn)
Jewellery
 g - an amulet of the acrobat (around neck)
 j - a ring of protection from cold (left hand)
Scrolls
 d - a scroll of teleportation {unknown}
 f - 4 scrolls of enchant weapon {unknown}
 h - a scroll of blinking {unknown}
 n - 2 scrolls of identify {unknown}
 o - 2 scrolls of fear {unknown}
 s - a scroll of remove curse {unknown}
Potions
 t - a potion of magic {unknown}
Comestibles
 c - 11 rations
 i - 6 chunks of flesh


   Skills:
 + Level 4.7 Fighting
 * Level 4.7 Polearms
 - Level 2.1 Armour
 - Level 0.8 Dodging
 + Level 4.1 Invocations


You had 5 spell levels left.
You didn't know any spells.
Your spell library was empty.

Dungeon Overview and Level Annotations

Branches:
Dungeon (4/15)
 Temple: D:4-7

Altars:

Annotations:
D:3 1 runed translucent door, Crazy Yiuf


Innate Abilities, Weirdness & Mutations

You cannot be hasted, slowed, berserked, paralysed or teleported.
You can dig through walls and to a lower floor.
Your four strong arms can wield two-handed weapons with a shield.
You have a pair of large antennae on your head. (SInv)


Message History

Attack whom?
Press: ? - help, Dir - move target cursor, f/p - orc priest
Aim: an orc priest, wielding a +0 trident and wearing a +0 plate armour (heavily wounded)
You reach to attack!
You hit the orc priest.
The orc priest is heavily wounded.
The orc priest hits you but does no damage.
Attack whom?
Press: ? - help, Dir - move target cursor, f/p - orc priest
Aim: an orc priest, wielding a +0 trident and wearing a +0 plate armour (heavily wounded)
You reach to attack!
You completely miss the orc priest.
The orc priest is heavily wounded.
Attack whom?
Press: ? - help, Dir - move target cursor, f/p - orc priest
Aim: an orc priest, wielding a +0 trident and wearing a +0 plate armour (heavily wounded)
You reach to attack!
You hit the orc priest but do no damage.
The orc priest is heavily wounded.
The orc priest invokes the aid of Beogh against you.
Beogh smites you!
You die...

....#####....####.#.
#..................
#.......#...####...
#......####..###...
##>.....# ##..###..
##.....#.## ##..##..
..##.....###.## ##..#..
#...o..# #..## ##....#
###@# ##...###..##..
#.###..##....####. .
##..##.####.####.#[ #
#......####.# ##)# #
...## #...#........##
### # .....#
.....##...##....# ### #
#...... ......
#.#####...####.. #
#...... ......##.##
#......... ###......
...........###.....####


You could see an orc priest.

Vanquished Creatures
  An ogre (D:4)
  2 orc wizards (D:4)
  2 worker ants
  2 adders (D:2)
  2 leopard geckos
  7 orcs
  6 bats
  5 giant cockroaches
  10 goblins
  3 hobgoblins
  4 jackals
  A ball python (D:1)
  3 frilled lizards
  8 kobolds
  14 rats
70 creatures vanquished.

Notes
Turn   | Place    | Note
-------+----------+-------------------------------------------
     0 | Abyss:1  | slphil the Formicid Abyssal Knight began the quest for the
                  | Orb.
     0 | Abyss:1  | Reached XP level 1. HP: 18/18 MP: 2/2
     6 | D:1      | Escaped the Abyss
    69 | D:1      | Reached XP level 2. HP: 18/24 MP: 3/3
   465 | D:1      | Reached XP level 3. HP: 28/29 MP: 4/4
   611 | D:1      | Reached ** piety under Lugonu
  1416 | D:2      | Reached XP level 4. HP: 26/37 MP: 6/6
  3106 | D:3      | Found a runed translucent door.
  3107 | D:3      | Noticed Crazy Yiuf
  3610 | D:4      | Noticed an ogre
  3618 | D:4      | Killed an ogre
  3618 | D:4      | Reached XP level 5. HP: 21/43 MP: 7/7
  3663 | D:3      | Reached XP level 6. HP: 13/49 MP: 8/8
  4463 | D:4      | HP: 2/49 [poisoned by a worker ant]
  4640 | D:4      | HP: 1/49 [orc priest/+0 trident (4)]
  4645 | D:4      | Killed from afar by an orc priest

Levels and vault maps discovered:
D:1:      onia_arrival_larder, layout_loops_ring
D:2:      mumra_celtic_spiral_tile, layout_basic, chequers_serial_rivers_large_a
D:3:      lemuel_upstairs_altar, layout_basic, grunt_ministairs_8,
          uniq_crazy_yiuf_cottage
D:4:      layout_layer_cave, first_ration

Skill      XL: |  1  2  3  4  5  6 |
---------------+-------------------+-----
Polearms       | 3 4 |  4.7
Invocations    | 3 4 |  4.1
Fighting       | 4 |  4.7
Armour         | |  2.1
Dodging        | |  0.8

Action                   |  1- 3 |  4- 6 || total
-------------------------+-------+-------++-------
Melee: Spear             |   116 |   174 ||   290
Invok: Bend Space        |       |     1 ||     1
 Abil: Dig               |       |     2 ||     2
  Use: Potion            |       |     5 ||     5
 Stab: Sleeping          |     1 |       ||     1
  Eat: Chunk             |     2 |    10 ||    12
Armor: Leather armour    |    18 |    28 ||    46
Dodge: Dodged            |    41 |    71 ||   112

Table legend:
 A = Non-vault XP
 B = Vault XP
 C = Vault XP percentage of total XP
 D = Non-vault monster count
 E = Vault monster count
 F = Vault count percentage of total count
                 A         B        C        D         E       F
            +---------+---------+-------+---------+---------+-------
      Total |     391 |      15 |   3.7 |      60 |      10 |  14.3
            +---------+---------+-------+---------+---------+-------
        D:1 |      42 |      11 |  20.8 |      24 |       8 |  25.0
        D:2 |      36 |       0 |   0.0 |       9 |       0 |   0.0
        D:3 |      65 |       4 |   5.8 |      18 |       2 |  10.0
        D:4 |     248 |       0 |   0.0 |       9 |       0 |   0.0
            +---------+---------+-------+---------+---------+-------
